 Dungeon Crawl Stone Soup version 0.25-a0-635-g0c6c292ef3 (webtiles) character file.

Game seed: 1433972045414497185, levelgen mode: deterministic

78 LairdRich the Skirmisher (level 4, -3/41 HPs)
             Began as a Minotaur Berserker on Mar 20, 2020.
             Was a Believer of Trog.
             Slain by Sigmund
             ... wielding a +0 scythe
              (10 damage)
             ... on level 3 of the Dungeon.
             The game lasted 00:03:30 (1566 turns).

LairdRich the Skirmisher (Minotaur Berserker)       Turns: 1566, Time: 00:03:31

Health: -3/41      AC:  2    Str: 23    XL:     4   Next: 15%
Magic:  3/3        EV: 13    Int:  4    God:    Trog [**....]
Gold:   183        SH:  0    Dex:  9    Spells: 3/3 levels left

rFire    . . .     SeeInvis .   a - +0 hand axe
rCold    . . .     Gourm    .   (no shield)
rNeg     . . .     Faith    .   b - +0 animal skin
rPois    .         Spirit   .   (helmet restricted)
rElec    .         Reflect  .   (no cloak)
rCorr    .         Harm     .   (no gloves)
MR       .....                  (no boots)
Stlth    +.........             (no amulet)
HPRegen  0.13/turn              (no ring)
MPRegen  0.08/turn              (no ring)

@: no status effects
A: retaliatory headbutt, horns 2
a: Berserk, Trog's Hand, Renounce Religion


You were on level 3 of the Dungeon.
You worshipped Trog.
Trog was pleased with you.
You were not hungry.

You visited 1 branch of the dungeon, and saw 3 of its levels.

You collected 183 gold pieces.

Inventory:

Hand Weapons
 a - a +0 hand axe (weapon)
Armour
 b - a +0 animal skin (worn)
Jewellery
 h - a +6 ring of intelligence {unknown}
 m - an uncursed amulet of faith {unknown}
Scrolls
 e - 2 scrolls of enchant weapon {unknown}
 g - 2 scrolls of blinking {unknown}
 i - a scroll of noise {unknown}
 j - a scroll of enchant armour {unknown}
 p - a scroll of identify {unknown}
Potions
 d - 3 potions of berserk rage {unknown}
 f - a potion of brilliance {unknown}
 k - a potion of haste {unknown}
 l - a potion of invisibility {unknown}
 n - a potion of heal wounds {unknown}
Comestibles
 c - 2 rations
 o - 11 chunks of flesh


   Skills:
 + Level 4.3 Fighting
 + Level 4.3 Axes
 + Level 3.4 Armour
 + Level 3.1 Dodging


You had 3 spell levels left.
You didn't know any spells.
Your spell library was empty.

Dungeon Overview and Level Annotations

Branches:
Dungeon (3/15)

Altars:

Annotations:
D:3 Sigmund


Innate Abilities, Weirdness & Mutations

You reflexively headbutt those who attack you in melee.
You have a pair of horns on your head.


Message History

Sigmund flickers and vanishes!
Deactivating autopickup; reactivate with Ctrl-A.
The rat bites you but does no damage.
Found a metallic orange potion.
You hit the rat.
You kill the rat!
Trog accepts your kill. Something hits you!
No target in view!
No target in view!
No target in view!
Unknown command.
Unknown command.
Unknown command.
Something hits you!
You closely miss something. You miss something. Your headbutt misses something.
Something hits you!
* * * LOW HITPOINT WARNING * * *
You hit something. Something hits you!
You die...

#### ##... # .....
########### #...##
#......÷÷÷. ...#
#.#########
#{######.......###
#@........#.......
#.###..####...#.#...##
#........##..÷#..#.#.#
#.#..###.##...#.##.##.
#...........÷...##...(
#.#......#>........##.
#!..<..> ##...##.#.#.#
#.#...( ##..###...##
#.#... #..# #.# #


There were no monsters in sight!

Vanquished Creatures
  A hound skeleton (D:2)
  2 adders (D:2)
  2 dart slugs
  5 giant cockroaches
  6 hobgoblins
  4 jackals (D:3)
  8 kobolds
  A bat (D:2)
  4 frilled lizards
  3 goblins
  6 rats
42 creatures vanquished.

Notes
Turn   | Place    | Note
-------+----------+-------------------------------------------
     0 | D:1      | LairdRich the Minotaur Berserker began the quest for the
                  | Orb.
     0 | D:1      | Reached XP level 1. HP: 19/19 MP: 0/0
    48 | D:1      | Reached XP level 2. HP: 17/27 MP: 1/1
   762 | D:2      | Reached XP level 3. HP: 18/33 MP: 2/2
  1437 | D:3      | Reached ** piety under Trog
  1519 | D:3      | Reached XP level 4. HP: 38/41 MP: 3/3
  1557 | D:3      | Noticed Sigmund
  1566 | D:3      | Slain by Sigmund

Levels and vault maps discovered:
D:1:      giann_horns, layout_rooms, minivault_24, minmay_split_cup_large
D:2:      layout_rooms
D:3:      layout_loops_ring, overflow_temple_1_default,
          chequers_serial_rivers_small_a, uniq_sigmund, uniq_natasha

Skill      XL: |  1  2  3 |
---------------+----------+-----
Axes           | 4 |  4.3
Fighting       | 4 |  4.3
Armour         | 3 |  3.4
Dodging        | 3 |  3.1

Action                   |  1- 3 |  4- 6 || total
-------------------------+-------+-------++-------
Melee: Hand axe          |    71 |    13 ||    84
       Headbutt          |     7 |     2 ||     9
 Stab: Sleeping          |     1 |       ||     1
  Eat: Chunk             |     2 |       ||     2
Armor: Animal skin       |    15 |     4 ||    19
Dodge: Dodged            |    56 |     9 ||    65

Table legend:
 A = Non-vault XP
 B = Vault XP
 C = Vault XP percentage of total XP
 D = Non-vault monster count
 E = Vault monster count
 F = Vault count percentage of total count
                 A         B        C        D         E       F
            +---------+---------+-------+---------+---------+-------
      Total |     104 |       8 |   7.1 |      38 |       4 |   9.5
            +---------+---------+-------+---------+---------+-------
        D:1 |      17 |       8 |  32.0 |      11 |       4 |  26.7
        D:2 |      63 |       0 |   0.0 |      14 |       0 |   0.0
        D:3 |      24 |       0 |   0.0 |      13 |       0 |   0.0
            +---------+---------+-------+---------+---------+-------
